 Dungeon Crawl Stone Soup version 0.25.0-8-gfd19cd77bd (webtiles) character file.

Game seed: 18077676199806148111

4288 Froggeryz the Severer (level 10, 0/77 HPs)
             Began as a Minotaur Berserker on June 16, 2020.
             Was an Elder of Trog.
             Succumbed to a wight's poison
             ... on level 8 of the Dungeon.
             The game lasted 00:07:23 (5880 turns).

Froggeryz the Severer (Minotaur Berserker)          Turns: 5880, Time: 00:07:24

Health: 0/77       AC:  9    Str: 24    XL:     10   Next: 10%
Magic:  9/9        EV: 11    Int:  4    God:    Trog [****..]
Gold:   406        SH:  0    Dex: 11    Spells: 9/9 levels left

rFire    + . .     SeeInvis .   a - +0 hand axe
rCold    + + .     Gourm    .   (no shield)
rNeg     . . .     Faith    .   o - +0 ring mail
rPois    .         Spirit   .   (helmet restricted)
rElec    .         Reflect  .   b - scarf {rC+ rF+}
rCorr    .         Harm     .   (no gloves)
MR       .....                  (no boots)
Stlth    +.........             (no amulet)
HPRegen  0.22/turn              i - +4 ring of protection
MPRegen  0.11/turn              l - ring of protection from cold

@: lethally poisoned (0 -> -9), berserk cooldown, slowed, very slow
A: retaliatory headbutt, horns 2
a: Berserk, Trog's Hand, Brothers in Arms, Renounce Religion


You were on level 8 of the Dungeon.
You worshipped Trog.
Trog was greatly pleased with you.
You were hungry.

You visited 1 branch of the dungeon, and saw 8 of its levels.

You collected 406 gold pieces.

Inventory:

Hand Weapons
 a - a +0 hand axe (weapon)
Armour
 b - a scarf of resistance (worn)
 o - a +0 ring mail (worn)
 y - a +1 plate armour of fire resistance
Jewellery
 e - an uncursed ring of protection from fire
 f - a +6 ring of strength
 i - a +4 ring of protection (left hand)
 l - a ring of protection from cold (right hand)
 n - an uncursed ring of protection from magic
Wands
 x - a wand of digging (7)
Scrolls
 d - a scroll of enchant armour {unknown}
 j - 5 scrolls of teleportation {unknown}
 p - 2 scrolls of enchant weapon {unknown}
 s - 6 scrolls of identify {unknown}
 t - 2 scrolls of fog {unknown}
 v - a scroll of fear {unknown}
 w - 4 scrolls of amnesia {unknown}
 D - 2 scrolls of noise {unknown}
 F - a scroll of immolation {unknown}
 I - a scroll of random uselessness {unknown}
Potions
 g - a potion of invisibility {unknown}
 h - 2 potions of flight {unknown}
 k - 2 potions of magic {unknown}
 m - 3 potions of stabbing {unknown}
 q - 3 potions of mutation {unknown}
 r - a potion of heal wounds {unknown}
 u - 2 potions of lignification {unknown}
 z - a potion of berserk rage {unknown}
 A - a potion of might
 B - 2 potions of haste {unknown}
 C - 3 potions of curing {unknown}
 E - a potion of resistance {unknown}
 H - a potion of degeneration {unknown}
Comestibles
 c - 13 rations
 G - 8 chunks of flesh


   Skills:
 - Level 3.6 Fighting
 * Level 16.6 Axes
 - Level 2.4 Armour
 - Level 2.1 Dodging


You had 9 spell levels left.
You didn't know any spells.
Your spell library was empty.

Dungeon Overview and Level Annotations

Branches:
Dungeon (8/15)             Temple (0/1) D:7
   Lair: D:8-11

Altars:
Elyvilon
Fedhas
Makhleb
Okawaru
Qazlal
Ru
Uskayaw
Xom
Yredelemnul
Zin

Shops:
D:7 =   D:8 [


Innate Abilities, Weirdness & Mutations

You reflexively headbutt those who attack you in melee.
You have a pair of horns on your head.


Message History

Things that are here:
a +2 trident of freezing; a +0 robe You hit the wight.
The wight is severely damaged.
You slash the wight!
You destroy the wight!
Trog accepts your kill.
You barely miss the wight. You headbutt the wight.
You destroy the wight!
Trog accepts your kill.
* * * LOW HITPOINT WARNING * * *
You feel sick.
The wight throws a poisoned dart.
The poisoned dart hits you!
You are lethally poisoned!
You are too berserk!
The wight throws a poisoned dart.
The poisoned dart closely misses you.
You feel a strong urge to attack something.
You are no longer berserk.
You are exhausted.
You feel yourself slow down.
You die...

.........#######.####.....
.........##...##...##.....
......................∩...
................####......
..>.......................
...z...)........######....
...../(........## #....
....<..()#.....## #####
...#...).@......#
######.(.....# #.?.....#
##.....## ##...## #####


You could see a wight.

Vanquished Creatures
  Erica (D:8)
  Pikel (D:5)
  4 ice beasts
  2 slaves (D:5)
  A necrophage (D:6)
  3 phantoms
  An orc warrior (D:8)
  4 ogres
  A centaur (D:5)
  4 bullfrogs (D:6)
  A scorpion (D:4)
  4 wights (D:8)
  10 killer bees
  A howler monkey (D:7)
  2 centaur zombies (D:5)
  3 crimson imps
  A bullfrog zombie (D:5)
  A quasit (D:5)
  3 hounds
  2 jellies
  5 orc wizards
  A centaur skeleton (D:4)
  6 worker ants
  An iguana (D:6)
  Natasha (thrice) (D:3)
  A hound skeleton (D:5)
  2 worker ant zombies (D:5)
  A gnoll (D:8)
  A howler monkey skeleton (D:8)
  5 adders
  A shadow imp (D:5)
  An ooze (D:4)
  An adder skeleton (D:4)
  4 worms
  3 dart slugs (D:1)
  2 leopard geckos
  9 orcs
  A ball python (D:3)
  8 giant cockroaches
  2 gnoll zombies (D:3)
  6 goblins
  6 hobgoblins
  18 jackals
  9 kobolds
  6 quokkas
  4 bats
  7 frilled lizards
  A leopard gecko skeleton (D:6)
  A leopard gecko zombie (D:7)
  7 rats
173 creatures vanquished.

Vanquished Creatures (others)
  A slave (D:5)
  2 worker ants (D:5)
3 creatures vanquished.

Grand Total: 176 creatures vanquished

Notes
Turn   | Place    | Note
-------+----------+-------------------------------------------
     0 | D:1      | Froggeryz the Minotaur Berserker began the quest for the
                  | Orb.
     0 | D:1      | Reached XP level 1. HP: 19/19 MP: 0/0
    37 | D:1      | Reached skill level 4 in Axes
   125 | D:1      | Reached XP level 2. HP: 22/26 MP: 1/1
   284 | D:1      | Reached skill level 5 in Axes
   492 | D:2      | Reached XP level 3. HP: 31/31 MP: 2/2
   910 | D:2      | Found a stormy altar of Qazlal.
   910 | D:2      | Found a burning altar of Makhleb.
  1179 | D:3      | Noticed an ice beast
  1201 | D:3      | Killed an ice beast
  1201 | D:3      | Reached skill level 7 in Axes
  1201 | D:3      | Reached XP level 4. HP: 39/39 MP: 3/3
  1201 | D:3      | Reached XP level 5. HP: 45/45 MP: 4/4
  1312 | D:3      | Noticed a +0 dagger
  1312 | D:3      | Noticed a +0 dagger
  1313 | D:3      | Found a hide-covered altar of Uskayaw.
  1324 | D:3      | Reached ** piety under Trog
  1337 | D:3      | Noticed Natasha
  1343 | D:3      | Killed Natasha
  1462 | D:3      | Found a shimmering altar of Xom.
  1464 | D:3      | Found a shimmering altar of Xom.
  1464 | D:3      | Found a shimmering altar of Xom.
  1508 | D:3      | Found a shimmering altar of Xom.
  1516 | D:3      | Found a shimmering altar of Xom.
  1516 | D:3      | Found a shimmering altar of Xom.
  1542 | D:3      | Noticed Natasha
  1552 | D:3      | Killed Natasha
  1624 | D:3      | Reached skill level 8 in Axes
  1629 | D:3      | Found a basalt altar of Yredelemnul.
  1884 | D:3      | Noticed Natasha
  1888 | D:3      | Killed Natasha
  1888 | D:3      | Reached XP level 6. HP: 50/51 MP: 5/5
  2062 | D:4      | Reached skill level 9 in Axes
  2109 | D:4      | Found an iron altar of Okawaru.
  2365 | D:4      | Reached XP level 7. HP: 51/57 MP: 6/6
  2368 | D:4      | Found a sacrificial altar of Ru.
  2531 | D:5      | Entered Level 5 of the Dungeon
  2556 | D:5      | Reached skill level 10 in Axes
  2604 | D:5      | Found a glowing silver altar of Zin.
  2735 | D:5      | Reached *** piety under Trog
  2819 | D:5      | Reached skill level 11 in Axes
  2925 | D:5      | Noticed Pikel
  2930 | D:5      | Reached XP level 8. HP: 64/64 MP: 7/7
  2941 | D:5      | Killed Pikel
  2941 | D:5      | Reached skill level 12 in Axes
  3049 | D:5      | Reached skill level 13 in Axes
  3217 | D:5      | Found a white marble altar of Elyvilon.
  3218 | D:5      | Found a blossoming altar of Fedhas.
  3602 | D:6      | Reached XP level 9. HP: 61/70 MP: 8/8
  3649 | D:6      | Reached skill level 14 in Axes
  4733 | D:7      | Found Popreyl's Jewellery Boutique.
  4891 | D:7      | Reached skill level 15 in Axes
  4903 | D:7      | Reached **** piety under Trog
  5322 | D:7      | Found a staircase to the Ecumenical Temple.
  5835 | D:8      | Found Xutyz's Antique Armour Shop.
  5858 | D:8      | Noticed Erica
  5867 | D:8      | Reached skill level 16 in Axes
  5868 | D:8      | Killed Erica
  5868 | D:8      | Reached XP level 10. HP: 18/77 MP: 9/9
  5875 | D:8      | HP: 5/115 [poisoned by Erica (bolt of poison)]
  5876 | D:8      | HP: 2/115 [wight/+3 great sword (3)]
  5880 | D:8      | Succumbed to a wight's poison

Illustrated notes

Levels and vault maps discovered:
D:1:      giann_bridges, layout_rooms
D:2:      layout_rooms, gammafunk_temple_overflow_elements,
          minmay_close_crescents
D:3:      layout_loops_ring, dancing_weapons_uskayaw,
          lemuel_zombie_altar_yredelemnul, xom_redecorated, uniq_natasha
D:4:      layout_cave_pools, okawaru_gym_becter, lemuel_crystal_altar,
          first_ration
D:5:      layout_basic, minitemple, minmay_misc_feat_hallway, uniq_pikel
D:6:      layout_loops_corners, minmay_checkerbox
D:7:      layout_basic, minmay_temple_entry_poolview, serial_shops,
          shop_fountains
D:8:      layout_rooms, basic_altar, serial_shops, shop, uniq_erica

Skill      XL: |  1  2  3  4  5  6  7  8  9 |
---------------+----------------------------+-----
Axes           | 4 5 7 8 9 11 13 16 | 16.6
Fighting       | |  3.6
Armour         | |  2.4
Dodging        | |  2.1

Action                   |  1- 3 |  4- 6 |  7- 9 | 10-12 || total
-------------------------+-------+-------+-------+-------++-------
Melee: Hand axe          |    96 |   124 |   340 |     7 ||   567
       Headbutt          |    14 |    21 |    69 |     3 ||   107
Throw: Dart              |       |     4 |       |       ||     4
Invok: Berserk           |     1 |       |     5 |       ||     6
 Stab: Sleeping          |     1 |       |       |       ||     1
  Eat: Chunk             |     1 |     5 |    15 |       ||    21
Armor: Animal skin       |    17 |       |       |       ||    17
       Ring mail         |    20 |    43 |    96 |     1 ||   160
Dodge: Dodged            |    50 |    70 |   155 |     2 ||   277
